 Dungeon Crawl Stone Soup version 0.27.1-4-g1640c2035a (webtiles) character file.

Game seed: 3105943966268444154

30 BiteMe the Conjurer (level 3, -1/26 HPs)
             Began as a Draconian Conjurer on Nov 7, 2021.
             Slain by an ogre (27 damage)
             ... on level 2 of the Dungeon.
             The game lasted 00:12:56 (1100 turns).

BiteMe the Conjurer (Draconian Conjurer)            Turns: 1100, Time: 00:12:57

Health: -1/26      AC:  5    Str:  9    XL:     3   Next: 3%
Magic:  2/6        EV: 12    Int: 18    God:
Gold:   31         SH:  0    Dex: 10    Spells: 5/6 levels left

rFire    . . .     SeeInvis .   g - +0 mace
rCold    . . .     Faith    .   (no shield)
rNeg     . . .     Spirit   .   (armour unavailable)
rPois    .         Reflect  .   (helmet restricted)
rElec    .         Harm     .   (no cloak)
rCorr    .         Rampage  .   (no gloves)
Will     .....                  (no boots)
Stlth    ++........             (no amulet)
HPRegen  0.08/turn              (no ring)
MPRegen  0.10/turn              (no ring)

@: no status effects
A: AC +5, unfitting armour, cold-blooded
a: no special abilities


You were on level 2 of the Dungeon.
You visited 1 branch of the dungeon, and saw 2 of its levels.

You collected 31 gold pieces.

Inventory:

Hand Weapons
 e - a +0 short sword
 g - a +0 mace (weapon)
Scrolls
 a - 3 scrolls of identify {unknown}
 c - a scroll of enchant weapon {unknown}
 f - a scroll of fear {unknown}
Potions
 b - a potion of brilliance {unknown}
 d - a potion of heal wounds {unknown}


   Skills:
 + Level 1.9 Dodging
 + Level 2.0 Stealth
 + Level 2.2 Spellcasting
 + Level 4.7 Conjurations


You had 5 spell levels left.
You knew the following spells:

 Your Spells              Type           Power      Damage    Failure   Level
a - Magic Dart            Conj           72%        1d6       2%          1

Your spell library contained the following spells:

 Spells                   Type           Power      Damage    Failure   Level
 Searing Ray              Conj           36%        3d4       3%          2
 Dazzling Flash           Conj/Hex       20%        N/A       21%         3
 Fulminant Prism          Conj/Hex       5%         3d7       56%         4
 Iskenderun's Mystic Bla  Conj/Tloc      10%        2d4       56%         4
 Metabolic Englaciation   Hex/Ice        0%         N/A       99%         5
 Lehudib's Crystal Spear  Conj/Erth      5%         10d3      100%        8


Dungeon Overview and Level Annotations

Branches:
Dungeon (2/15)

Altars:

Shops:
D:1 =


Innate Abilities, Weirdness & Mutations

Your plain brown scales are hard. (AC +5)
You cannot fit into any form of body armour.
You are cold-blooded and may be slowed by cold attacks.


Message History

You kill the endoplasm!
Your Stealth skill increases to level 2!
Found a stone staircase leading down.
Found a wooden ring.
An ogre comes into view. It is wielding a +0 giant spiked club.
The ogre shouts!
An adder comes into view.
The adder hisses angrily.
Found a scroll labelled VUPSYCSEXKE.
Casting: Magic Dart (safe; 2% risk of failure)
Confirm with . or Enter, or press ? or * to list all spells.
Aiming: Magic Dart (safe; 2% risk of failure)
Press: ? - help, Shift-Dir - straight line, f - adder
Aim: an adder (100% to hit)
The magic dart hits the adder.
The adder is moderately wounded.
The adder bites you but does no damage.
Casting: Magic Dart (safe; 2% risk of failure)
Confirm with . or Enter, or press ? or * to list all spells.
Aiming: Magic Dart (safe; 2% risk of failure)
Press: ? - help, Shift-Dir - straight line, f/p - adder
Aim: an adder (moderately wounded, 100% to hit)
The magic dart hits the adder.
The adder is severely wounded.
The adder closely misses you. The ogre barely misses you.
The adder barely misses you.
Aiming: Magic Dart (safe; 2% risk of failure)
Press: ? - help, Q - select action Shift-Dir - straight line, f/p - adder
Aim: an adder (severely wounded, 100% to hit)
The magic dart hits the adder but does no damage.
The adder is severely wounded.
The adder misses you.
Aiming: Magic Dart (safe; 2% risk of failure)
Press: ? - help, Q - select action Shift-Dir - straight line, f/p - adder
Aim: an adder (severely wounded, 100% to hit)
The magic dart hits the adder.
The adder is almost dead.
The ogre hits you with a +0 giant spiked club!!
Ouch! That really hurt!
You die...

. .. . .. .. ######
.# .# #.###
####.......
.......###....###.###
#. #>.......O@S...#
.. ##....######......
#=#..#####..........
#.....##....... ....
#..##......# ..?
...........### ..
......#####..## #
###.## #....# #.
#.##.#


You could see an ogre and an adder.

Vanquished Creatures
  6 endoplasms
  3 giant cockroaches (D:1)
  2 goblins (D:1)
  2 hobgoblins (D:1)
  4 kobolds (D:1)
  A quokka (D:1)
  4 ball pythons (D:1)
  3 bats (D:1)
25 creatures vanquished.

Notes
Turn   | Place    | Note
-------+----------+-------------------------------------------
     0 | D:1      | BiteMe the Draconian Conjurer began the quest for the Orb.
     0 | D:1      | Reached XP level 1. HP: 14/14 MP: 3/3
   436 | D:1      | Reached XP level 2. HP: 20/20 MP: 1/5
   497 | D:1      | Found Wagoetep's Jewellery Shoppe.
   507 | D:1      | Got the Grimoire of the Snowflakes and Attacks
   878 | D:1      | Found a faded altar of an unknown god.
  1014 | D:1      | Reached XP level 3. HP: 26/26 MP: 4/6
  1087 | D:2      | Noticed an ogre
  1100 | D:2      | Slain by an ogre

Illustrated notes

Levels and vault maps discovered:
D:1:      shiori_arrival_maze, layout_rooms, serial_shops,
          nicolae_shop_statue_plus, shapermc_ecumenical_altar_ellora,
          minmay_tree_intersection
D:2:      layout_rooms

Skill      XL: |  1  2  3 |
---------------+----------+-----
Stealth        | 2 |  2.0
Dodging        | |  1.9
Spellcasting   | |  2.2
Conjurations   | |  4.7

Action                   || total
-------------------------++-------
Melee: Unarmed           ||    16
       Tailslap          ||     2
       Dagger            ||     2
 Cast: Magic Dart        ||    44
Armor: Skin              ||     5
Dodge: Dodged            ||    16
